 Dungeon Crawl Stone Soup version 0.25.0-3-gd7cc5688da (webtiles) character file.

Game seed: 2704945819635539708

162849 Delamore the Bludgeoner (level 17, -2/112 HPs)
             Began as a Gargoyle Fighter on June 15, 2020.
             Was the Champion of Okawaru.
             Splashed by an oklob plant's acid (17 damage)
             ... on level 2 of the Lair of Beasts.
             The game lasted 01:07:58 (29050 turns).

Delamore the Bludgeoner (Gargoyle Fighter)         Turns: 29050, Time: 01:07:59

Health: -2/112     AC: 35    Str: 37    XL:     17   Next: 82%
Magic:  27/27      EV:  7    Int: 13    God:    Okawaru [******]
Gold:   4305       SH: 16    Dex: 18    Spells: 16/16 levels left

rFire    x . .     SeeInvis +   Q - +10 mace "Eramyure" {speed, +Blink Int+2}
rCold    . . .     Gourm    .   U - +0 kite shield {AC+3}
rNeg     + . .     Faith    +   g - +2 crystal plate armour
rPois    ∞         Spirit   .   S - +1 helmet
rElec    +         Reflect  .   u - +0 cloak {Stlth+}
rCorr    .         Harm     .   F - +2 pair of gloves {Dex+3}
MR       +....     Rnd*Tele +   L - +2 pair of boots of Beogh's Outrage {+Fly}
Stlth    ..........             c - amulet of faith
HPRegen  0.68/turn              R - ring of see invisible
MPRegen  0.20/turn              A - ring "Qounoredd" {rF- Str+8 Dex+6}

@: corroded, flying
A: big wings, thin metallic scales 1, clever 1, negative energy resistance 1,
regeneration 1, electricity resistance, strong 1, teleportitis 1, unbreathing,
petrification resistance, rot immunity, AC +12
a: Stop Flying, Heroism, Finesse, Renounce Religion, Evoke Blink


You were on level 2 of the Lair of Beasts.
You worshipped Okawaru.
Okawaru was exalted by your worship.
You were hungry.

You visited 5 branches of the dungeon, and saw 28 of its levels.
You also visited: Gauntlet.

You collected 5085 gold pieces.
You spent 780 gold pieces at shops.

Inventory:

Hand Weapons
 H - the +7 morningstar of Seagy {vorpal, *Rage rElec rF+ SInv}
   (Okawaru gifted it to you on level 13 of the Dungeon)

   It inflicts extra damage upon your enemies.
   It protects you from fire.
   It insulates you from electricity.
   It lets you see invisible.
   It may make you go berserk in combat.
 Q - the +10 mace "Eramyure" (weapon) {speed, +Blink Int+2}
   (You found it on level 1 of the Lair of Beasts)

   Attacks with this weapon are significantly faster.
   It affects your intelligence (+2).
   It lets you blink.
Missiles
 p - 11 atropa-tipped darts
 W - 4 silver javelins (quivered)
Armour
 g - a +2 crystal plate armour (worn)
 u - a +0 cloak of stealth (worn)
 F - a +2 pair of gloves of dexterity (worn)
 L - the +2 pair of boots of Beogh's Outrage (worn) {+Fly}
   (You found it in a Gauntlet)

   It lets you fly.
 S - a +1 helmet (worn)
 U - a +0 kite shield of protection (worn)
Jewellery
 b - an uncursed amulet of regeneration
 c - an amulet of faith (around neck)
 l - an uncursed ring of protection from magic
 n - an uncursed ring of positive energy
 A - the ring "Qounoredd" (right hand) {rF- Str+8 Dex+6}
   (You found it on level 4 of the Dungeon)

   [ring of dexterity]

   It affects your strength (+8).
   It affects your dexterity (+6).
   It makes you vulnerable to fire.
 M - an uncursed ring of resist corrosion
 R - a ring of see invisible (left hand)
Wands
 e - a wand of paralysis (11)
 h - a wand of disintegration (14)
 i - a wand of random effects (39)
 q - a wand of iceblast (17)
 t - a wand of flame (44)
 D - a wand of clouds (1)
 G - a wand of digging (6)
 O - a wand of polymorph (13)
Scrolls
 a - 9 scrolls of identify
 r - 3 scrolls of teleportation
 s - 4 scrolls of enchant armour
 v - 3 scrolls of immolation
 x - 6 scrolls of enchant weapon
 y - 2 scrolls of fog
 C - 5 scrolls of remove curse
 P - 3 scrolls of magic mapping
 T - a scroll of torment
Potions
 d - 3 potions of might
 j - 4 potions of haste
 k - 3 potions of invisibility
 m - 6 potions of curing
 o - 3 potions of ambrosia
 w - 3 potions of brilliance
 B - a potion of berserk rage
 E - a potion of magic
 N - 3 potions of cancellation
 V - 2 potions of heal wounds
Miscellaneous
 J - a phantom mirror
 K - a lightning rod (4/4)
Comestibles
 f - 44 rations


   Skills:
 - Level 14.6 Fighting
 - Level 17.1 Maces & Flails
 - Level 5.5 Armour
 - Level 1.3 Dodging
 - Level 1.2 Stealth
 - Level 14.8 Shields
 + Level 13.5 Invocations
 + Level 11.6 Evocations


You had 16 spell levels left.
You didn't know any spells.
Your spell library contained the following spells:

 Spells                   Type           Power        Failure   Level  Hunger
 Animate Skeleton         Necr           N/A          99%         1    ##.....
 Apportation              Tloc           #.....       99%         1    ##.....
 Beastly Appendage        Tmut           #.....       99%         1    ##.....
 Corona                   Hex            #......      99%         1    ##.....
 Foxfire                  Conj/Fire      #...         99%         1    ##.....
 Pain                     Necr           #...         99%         1    ##.....
 Shock                    Conj/Air       #...         99%         1    ##.....
 Summon Butterflies       Summ           #.......     99%         1    ##.....
 Summon Small Mammal      Summ           #...         99%         1    ##.....
 Ensorcelled Hibernation  Hex/Ice        #.....       100%        2    ###....
 Passwall                 Tmut/Erth      #.......     100%        2    ###....
 Shroud of Golubria       Chrm/Tloc      #.....       100%        2    ###....
 Slow                     Hex            #.......     100%        2    ###....
 Sticks to Snakes         Tmut           #.......     100%        2    ###....
 Swiftness                Chrm/Air       #.......     100%        2    ###....
 Confusing Touch          Hex            #.......     100%        3    ####...
 Conjure Flame            Conj/Fire      #.......     100%        3    ####...
 Dazzling Flash           Conj/Hex       #.....       100%        3    ####...
 Inner Flame              Hex/Fire       #.......     100%        3    ####...
 Lesser Beckoning         Tloc           #.........   100%        3    ####...
 Portal Projectile        Hex/Tloc       #.....       100%        3    ####...
 Spider Form              Tmut/Pois      #.........   100%        3    ####...
 Static Discharge         Conj/Air       #.......     100%        3    ####...
 Tukima's Dance           Hex            #.......     100%        3    ####...
 Airstrike                Air            #.........   100%        4    #####..
 Cause Fear               Hex            #.........   100%        4    #####..
 Dispel Undead            Necr           #.......     100%        4    #####..
 Ice Form                 Ice/Tmut       #.......     100%        4    #####..
 Leda's Liquefaction      Hex/Erth       #.........   100%        4    #####..
 Passage of Golubria      Tloc           N/A          100%        4    #####..
 Sticky Flame             Conj/Fire      #.......     100%        4    #####..
 Alistair's Intoxication  Tmut/Pois      #.......     100%        5    ######.
 Blade Hands              Tmut           #.........   100%        5    ######.
 Bolt of Magma            Conj/Fire/Erth #.........   100%        5    ######.
 Borgnjor's Vile Clutch   Necr/Erth      #.........   100%        5    ######.
 Fireball                 Conj/Fire      #.........   100%        5    ######.
 Iskenderun's Battlesphe  Conj/Chrm      #.......     100%        5    ######.
 Lee's Rapid Deconstruct  Erth           #.........   100%        5    ######.
 Lightning Bolt           Conj/Air       #.........   100%        5    ######.
 Silence                  Hex/Air        #.........   100%        5    ######.
 Summon Forest            Summ/Tloc      #.........   100%        5    ######.
 Darkness                 Hex            #.........   100%        6    #######
 Invisibility             Hex            #.......     100%        6    #######
 Iron Shot                Conj/Erth      #.........   100%        6    #######
 Shadow Creatures         Summ           N/A          100%        6    #######
 Starburst                Conj/Fire      #.........   100%        6    #######
 Orb of Destruction       Conj           #.........   100%        7    #######
 Spellforged Servitor     Conj/Summ      #.........   100%        7    #######
 Controlled Blink         Tloc           N/A          100%        8    #######
 Sublimation of Blood     Necr           Unusable     N/A         2    N/A

Dungeon Overview and Level Annotations

Branches:
Dungeon (15/15)            Temple (1/1) D:6            Lair (6/6) D:11
  Swamp (0/4) Lair:3       Spider (4/4) Lair:3        Slime (0/5) Lair:6
    Orc (2/2) D:10            Elf (0/3) Orc:2        Vaults (0/5) D:13
 Depths (0/5) D:15        Gauntlet (visited)

Altars:
Ashenzari
Cheibriados
Dithmenos
Elyvilon
Fedhas
Gozag
Hepliaklqana
Kikubaaqudgha
Makhleb
Nemelex Xobeh
Okawaru
Qazlal
Ru
Sif Muna
Trog
Uskayaw
Vehumet
Wu Jian
Xom
Yredelemnul
Zin
The Shining One
Beogh

Shops:
Orc:2 *:*[(

Annotations:
Lair:2 exclusion: 4 oklob plants


Innate Abilities, Weirdness & Mutations

You are resistant to torment.
Your stone body is resilient. (AC +12)
You are immune to poison.
Your large and strong wings let you fly indefinitely.
You resist negative energy. (rN+)
You are resistant to electric shocks. (rElec)
You can survive without breathing.
You are immune to petrification.
You are immune to rotting.
You are partially covered in thin metallic scales. (AC +2)
Your mind is acute. (Int +2)
Your natural rate of healing is unusually fast.
Your muscles are strong. (Str +2)
You are occasionally teleported next to monsters.


Message History

The splash of acid hits you.
* * * LOW HITPOINT WARNING * * *
You are splashed with acid!
* * * LOW HITPOINT WARNING * * *
Okay, then.
Okay, then.
Okay, then.
Okay, then.
Okay, then.
Okay, then.
Evoke which item? (* to show all) (? for menu, Esc to quit)
Okay, then.
Okay, then.
As you read the scroll of fog, it crumbles to dust.
The scroll dissolves into smoke.
The oklob plant spits acid at you. The splash of acid hits you!
* * * LOW HITPOINT WARNING * * *
You are splashed with acid!
You die...

..................#
.........##.≈..≈≈.#
........######'######
[..#....#P≈≈.....≈≈P#
>>#
........############
...................#
####.########.##.P##
# ### #######


You could see 4 oklob plants and an electric eel.

Vanquished Creatures
  Rupert (D:12)
  A storm dragon (D:14)
  Donald (Orc:2)
  A ghost moth (Spider:4)
  An orc warlord (Orc:1)
  5 emperor scorpions
  2 entropy weavers
  3 spark wasps
  A minotaur (Gauntlet)
  A fire dragon (D:13)
  Josephine (Lair:6)
  An ogre mage (D:15)
  Fannar (Lair:2)
  5 hydras
  A catoblepas (D:13)
  A great orb of eyes (Gauntlet)
  2 death knights (D:13)
  A merfolk avatar (Lair:6)
  3 centaur warriors (D:14)
  4 death scarabs (Spider:4)
  3 tengu warriors
  12 two-headed ogres
  2 deep troll earth magi (D:14)
  Urug (Lair:5)
  An orc high priest (Orc:2)
  5 death yaks (Gauntlet)
  A spectral emperor scorpion (Spider:4)
  5 skeletal warriors (D:15)
  The ghost of wheals the Martial Artist, a novice DsAK of Lugonu (D:7)
  2 unseen horrors
  2 wizards
  An orange crystal statue (D:14)
  2 deep trolls
  3 harpies (Lair:6)
  A spectral wolf spider (Spider:4)
  6 orc knights
  2 deep elf magi
  A necromancer (Gauntlet)
  13 orb spiders
  20 wolf spiders
  15 ugly things
  6 orc sorcerers
  4 oklob plants
  A manticore (D:13)
  A salamander (shapeshifter) (D:14)
  6 cyclopes
  8 elephants
  3 moths of wrath
  2 black mambas
  Psyche (D:9)
  2 gargoyles (D:15)
  A yaktaur (D:13)
  19 spiny frogs
  6 rime drakes (Lair:6)
  2 kobold demonologists (D:13)
  3 redback zombies (Spider:4)
  An efreet (D:14)
  6 komodo dragons
  2 spectral redbacks (Spider:4)
  16 demonic crawlers
  A tengu conjurer (D:13)
  2 polar bears (Lair:6)
  9 trolls
  24 jumping spiders
  2 spectral jumping spiders (Spider:4)
  2 spectral tarantellas (Spider:4)
  A wind drake (Lair:6)
  5 hornets (Spider:4)
  10 blink frogs (Lair:6)
  A meliai zombie (D:13)
  7 hippogriffs
  2 bog bodies (Lair:3)
  A shadow (D:14)
  73 redbacks
  A centaur simulacrum (D:15)
  6 wraiths
  34 tarantellas
  7 wyverns
  23 yaks
  4 hogs (D:6)
  A vampire (D:13)
  A human (D:7)
  6 hungry ghosts
  A steam dragon (D:9)
  2 swamp worms (Lair:3)
  7 wargs
  3 vampire mosquitoes (D:15)
  2 acid dragons
  2 insubstantial wisps (D:9)
  Duvessa (D:7)
  11 water moccasins
  9 porcupines
  26 orc warriors
  A spectral hornet (Spider:4)
  3 sky beasts
  An ice beast (D:14)
  3 black bears
  2 phantoms
  3 eyes of draining
  A necrophage (D:5)
  8 ogres
  20 centaurs
  16 wolves
  15 crocodiles
  2 big kobolds
  Blork the orc (Orc:2)
  24 bullfrogs
  Dowan (D:7)
  8 scorpions
  A wyvern skeleton (D:13)
  A troll zombie (D:10)
  7 killer bees
  5 wights
  2 howler monkeys
  4 electric eels
  7 crimson imps
  5 jellies
  5 quasits (D:7)
  4 centaur skeletons
  7 hounds
  4 bullfrog skeletons
  7 centaur zombies
  18 orc priests
  Terence (D:2)
  2 iguanas
  19 orc wizards
  9 worker ants
  5 ogre zombies (D:10)
  2 howler monkey zombies
  14 gnolls
  15 adders
  3 shadow imps
  4 oozes
  An adder skeleton (D:8)
  4 worms
  3 dart slugs
  7 leopard geckos
  78 orcs
  3 bats
  A bat zombie (D:3)
  2 giant cockroaches
  5 hobgoblins
  13 jackals
  5 quokkas
  3 ball pythons
  7 frilled lizards
  7 goblins
  2 goblin skeletons (D:10)
  A goblin zombie (D:10)
  2 hobgoblin skeletons (D:10)
  2 hobgoblin zombies (D:10)
  16 kobolds
  A leopard gecko skeleton (D:4)
  An orc skeleton (D:10)
  11 orc zombies (D:10)
  A quokka skeleton (D:8)
  A quokka zombie (D:5)
  6 rats
  A spectral orc (D:8)
  A fungus (Lair:6)
958 creatures vanquished.

Vanquished Creatures (others)
  An orb spider (Spider:3)
  A jumping spider (Spider:3)
  A tarantella (Spider:1)
  2 sky beasts (D:9)
  14 fungi
  32 plants
  9 withered plants (Gauntlet)
60 creatures vanquished.

Grand Total: 1018 creatures vanquished

Notes
Turn   | Place    | Note
-------+----------+-------------------------------------------
     0 | D:1      | Delamore the Gargoyle Fighter began the quest for the Orb.
     0 | D:1      | Reached XP level 1. HP: 14/14 MP: 1/1
   380 | D:1      | Reached XP level 2. HP: 18/19 MP: 2/2
  1121 | D:2      | Reached XP level 3. HP: 21/23 MP: 3/3
  1355 | D:2      | Noticed a scorpion
  1380 | D:2      | Killed a scorpion
  1380 | D:2      | Reached XP level 4. HP: 18/29 MP: 4/4
  1546 | D:2      | Reached skill level 3 in Maces & Flails
  1741 | D:2      | Reached XP level 5. HP: 33/33 MP: 5/5
  1967 | D:2      | Noticed Terence
  1977 | D:2      | Killed Terence
  2850 | D:3      | Found an ancient bone altar of Kikubaaqudgha.
  2991 | D:3      | Reached skill level 4 in Maces & Flails
  2991 | D:3      | Reached XP level 6. HP: 38/38 MP: 6/6
  3410 | D:4      | Noticed a phantom
  3472 | D:4      | Killed a phantom
  3826 | D:4      | Got a pair of encrusted gloves
  3832 | D:4      | Identified the cursed +0 pair of gloves of Winter {Dex+3}
                  | (You found it on level 4 of the Dungeon)
  3860 | D:4      | Got a glittering wooden ring
  3872 | D:4      | Identified the ring "Qounoredd" {rF- Str+8 Dex+6} (You
                  | found it on level 4 of the Dungeon)
  3929 | D:4      | Found a shimmering altar of Xom.
  4037 | D:4      | Found a hazy altar of Hepliaklqana.
  4037 | D:4      | Found a shadowy altar of Dithmenos.
  4039 | D:4      | Noticed a shadow
  4319 | D:5      | Entered Level 5 of the Dungeon
  4319 | D:5      | Found a sacrificial altar of Ru.
  4326 | D:5      | Reached skill level 5 in Armour
  4371 | D:5      | Reached skill level 1 in Dodging
  4371 | D:5      | Reached XP level 7. HP: 41/43 MP: 7/7
  4464 | D:5      | Reached skill level 5 in Maces & Flails
  4663 | D:5      | Reached skill level 1 in Stealth
  4742 | D:5      | Found a snail-covered altar of Cheibriados.
  4742 | D:5      | Found an ornate altar of the Wu Jian Council.
  4840 | D:6      | Found a hide-covered altar of Uskayaw.
  4899 | D:6      | Identified the Papyrus of Dislocation
  5107 | D:6      | Found a staircase to the Ecumenical Temple.
  5168 | Temple   | Entered the Ecumenical Temple
  5199 | Temple   | Became a worshipper of Warmaster Okawaru
  5288 | D:6      | Found a shattered altar of Ashenzari.
  5322 | D:6      | Reached skill level 5 in Fighting
  5322 | D:6      | Reached XP level 8. HP: 47/49 MP: 8/8
  5357 | D:6      | Reached skill level 5 in Shields
  5367 | D:6      | Reached skill level 6 in Maces & Flails
  5727 | D:6      | Found a burning altar of Makhleb.
  5727 | D:6      | Found a radiant altar of Vehumet.
  5738 | D:6      | Reached * piety under Okawaru
  6205 | D:7      | Found a transporter.
  6316 | D:7      | Found a stormy altar of Qazlal.
  6338 | D:7      | Reached skill level 7 in Maces & Flails
  6424 | D:7      | Reached skill level 8 in Maces & Flails
  6455 | D:7      | Noticed wheals's ghost (novice DsAK)
  6543 | D:7      | Found a transporter.
  6615 | D:7      | Noticed Duvessa
  6616 | D:7      | Noticed Dowan
  6623 | D:7      | Killed Duvessa
  6623 | D:7      | Reached XP level 9. HP: 54/54 MP: 9/9
  6632 | D:7      | Killed Dowan
  6632 | D:7      | Reached ** piety under Okawaru
  6722 | D:7      | Killed wheals's ghost
  6722 | D:7      | Reached skill level 9 in Maces & Flails
  6723 | D:7      | Reached skill level 10 in Maces & Flails
  6730 | D:7      | Reached *** piety under Okawaru
  7180 | D:6      | Reached skill level 11 in Maces & Flails
  7394 | D:7      | Found a sparkling altar of Nemelex Xobeh.
  7396 | D:7      | Found a glowing silver altar of Zin.
  7396 | D:7      | Found a shimmering altar of Xom.
  7398 | D:7      | Found a sacrificial altar of Ru.
  7398 | D:7      | Found a shimmering altar of Xom.
  7398 | D:7      | Found an opulent altar of Gozag.
  7606 | D:8      | Noticed a two-headed ogre
  7617 | D:8      | Killed a two-headed ogre
  7617 | D:8      | Reached **** piety under Okawaru
  7617 | D:8      | Reached skill level 12 in Maces & Flails
  7617 | D:8      | Reached XP level 10. HP: 36/59 MP: 10/10
  7979 | D:8      | Reached ***** piety under Okawaru
  8109 | D:8      | Found a basalt altar of Yredelemnul.
  8499 | D:9      | Noticed a two-headed ogre
  8524 | D:9      | Killed a two-headed ogre
  8524 | D:9      | Reached skill level 13 in Maces & Flails
  9097 | D:9      | Reached skill level 14 in Maces & Flails
  9167 | D:9      | Reached XP level 11. HP: 38/64 MP: 11/11
  9456 | D:9      | Noticed Psyche
  9463 | D:9      | Killed Psyche
  9674 | D:10     | Entered Level 10 of the Dungeon
  9857 | D:10     | Received a gift from Okawaru
 10100 | D:10     | Found a staircase to the Orcish Mines.
 10218 | D:10     | Reached skill level 15 in Maces & Flails
 10570 | D:10     | Found a sacrificial altar of Ru.
 10691 | D:11     | Killed an unseen horror
 11146 | D:11     | Found a staircase to the Lair.
 11188 | D:11     | Noticed a green ugly thing
 11200 | D:11     | Killed a green ugly thing
 11302 | D:11     | Noticed a green ugly thing
 11312 | D:11     | Killed a green ugly thing
 11539 | D:11     | Noticed a two-headed ogre
 11554 | D:11     | Killed a two-headed ogre
 11554 | D:11     | Reached skill level 16 in Maces & Flails
 11751 | D:12     | Reached ****** piety under Okawaru
 11811 | D:12     | Noticed a six-headed hydra
 11817 | D:12     | Killed a six-headed hydra
 11817 | D:12     | Reached XP level 12. HP: 54/68 MP: 12/12
 11957 | D:12     | You fall into a shaft and drop 1 floor!
 11957 | D:13     | Noticed a death knight
 11957 | D:13     | Noticed a death knight
 11959 | D:13     | Noticed a two-headed ogre
 11961 | D:13     | Noticed a seven-headed hydra
 12026 | D:13     | Received a gift from Okawaru
 12027 | D:13     | Got a buzzing morningstar {god gift}
 12050 | D:12     | Identified the +7 morningstar of Seagy {vorpal, *Rage rElec
                  | rF+ SInv} (Okawaru gifted it to you on level 13 of the
                  | Dungeon)
 12083 | D:12     | You fall into a shaft and drop 2 floors!
 12114 | D:13     | Noticed a centaur warrior
 12258 | D:14     | Killed a centaur warrior
 12258 | D:14     | Reached skill level 17 in Maces & Flails
 12269 | D:14     | Killed a two-headed ogre
 12454 | D:14     | Killed a seven-headed hydra
 12454 | D:14     | Received a gift from Okawaru
 12839 | Lair:1   | Entered Level 1 of the Lair of Beasts
 13145 | Lair:1   | Noticed a four-headed hydra
 13159 | Lair:1   | Killed a four-headed hydra
 13568 | Lair:1   | Noticed a four-headed hydra
 13573 | Lair:1   | Killed a four-headed hydra
 13573 | Lair:1   | Reached XP level 13. HP: 69/79 MP: 13/13
 13844 | Lair:2   | Noticed Fannar
 14007 | Lair:2   | Killed Fannar
 14007 | Lair:2   | Received a gift from Okawaru
 14018 | Lair:2   | Got a polished mace {god gift}
 14019 | Lair:2   | Identified the +4 mace "Zoelucut" {vorpal, Dex+7} (Okawaru
                  | gifted it to you on level 2 of the Lair of Beasts)
 14820 | Lair:3   | Reached skill level 10 in Shields
 15034 | Lair:3   | Reached skill level 10 in Fighting
 15576 | Lair:3   | Found a hole to the Spider Nest.
 15620 | Lair:3   | You fall into a shaft and drop 2 floors!
 15625 | Lair:5   | Noticed Urug
 15705 | Lair:5   | Killed Urug
 16368 | Lair:4   | Received a gift from Okawaru
 17084 | Lair:3   | Found a staircase to the Swamp.
 17215 | Lair:3   | Received a gift from Okawaru
 17364 | Lair:6   | Entered Level 6 of the Lair of Beasts
 17676 | Lair:6   | Gained mutation: Your large and strong wings let you fly
                  | indefinitely. [Gargoyle growth]
 17676 | Lair:6   | Reached XP level 14. HP: 91/91 MP: 14/14
 17710 | Lair:6   | Noticed Josephine
 17711 | Lair:6   | Received a gift from Okawaru
 17723 | Lair:6   | Killed Josephine
 18348 | Lair:6   | Found a staircase to the Slime Pits.
 19001 | Lair:6   | Gained mutation: You expend magic power (3 MP) to
                  | strengthen your wands. [potion of mutation]
 19001 | Lair:6   | Gained mutation: Your mind is acute. (Int +2) [potion of
                  | mutation]
 19001 | Lair:6   | Gained mutation: You have a pair of small antennae on your
                  | head. [potion of mutation]
 19001 | Lair:6   | Gained mutation: Your mind is very acute. (Int +4) [potion
                  | of mutation]
 19002 | Lair:6   | Lost mutation: Your mind is very acute. (Int +4) [potion of
                  | mutation]
 19002 | Lair:6   | Lost mutation: You expend magic power (3 MP) to strengthen
                  | your wands. [potion of mutation]
 19002 | Lair:6   | Gained mutation: You are occasionally teleported next to
                  | monsters. [potion of mutation]
 19002 | Lair:6   | Gained mutation: Your natural rate of healing is unusually
                  | fast. [potion of mutation]
 19003 | Lair:6   | Lost mutation: Your natural rate of healing is unusually
                  | fast. [potion of mutation]
 19003 | Lair:6   | Lost mutation: Your mind is acute. (Int +2) [potion of
                  | mutation]
 19003 | Lair:6   | Gained mutation: You are partially covered in thin metallic
                  | scales. (AC +2) [potion of mutation]
 19003 | Lair:6   | Gained mutation: Your mind is acute. (Int +2) [potion of
                  | mutation]
 19003 | Lair:6   | Gained mutation: Your muscles are strong. (Str +2) [potion
                  | of mutation]
 19201 | Orc:1    | Entered Level 1 of the Orcish Mines
 19356 | Orc:1    | Found a bloodstained altar of Trog.
 19608 | Orc:2    | Entered Level 2 of the Orcish Mines
 19633 | Orc:2    | Found a gate leading to a gauntlet.
 19655 | Orc:2    | Noticed an orc warlord
 19705 | Orc:1    | Killed an orc warlord
 19776 | Orc:2    | Found a roughly hewn altar of Beogh.
 19776 | Orc:2    | Found Coodd's Antique Weapon Shoppe.
 19777 | Orc:2    | Noticed Blork the orc
 19787 | Orc:2    | Noticed Donald
 19796 | Gauntlet | Entered a Gauntlet
 19796 | Gauntlet | Found a transporter.
 19888 | Gauntlet | Found a transporter.
 19890 | Gauntlet | Found a transporter.
 19891 | Gauntlet | Found a transporter.
 19894 | Gauntlet | Found a transporter.
 19895 | Gauntlet | Found a transporter.
 19917 | Gauntlet | Found a transporter.
 19922 | Gauntlet | Found a transporter.
 19955 | Gauntlet | Found a transporter.
 19970 | Gauntlet | Found a transporter.
 19970 | Gauntlet | Found a transporter.
 19980 | Gauntlet | Found a transporter.
 20145 | Gauntlet | Received a gift from Okawaru
 20253 | Gauntlet | Got a pair of slimy boots
 20264 | Gauntlet | Identified the +2 pair of boots of Beogh's Outrage {+Fly}
                  | (You found it in a Gauntlet)
 20310 | Gauntlet | Got a bloodstained chain mail
 20313 | Gauntlet | Got a pair of masterwork gloves
 20325 | Gauntlet | Identified the +2 pair of gloves of Koifarreab {rPois
                  | Int+4} (You found it in a Gauntlet)
 20335 | Gauntlet | Identified the +4 chain mail of Dusij {+Fly} (You found it
                  | in a Gauntlet)
 20391 | Gauntlet | Identified the Volume of Conjuration
 20393 | Gauntlet | Got a slimy ring mail
 20405 | Gauntlet | Identified the +2 ring mail of Too Many Cooks {+Fly} (You
                  | found it in a Gauntlet)
 20427 | Orc:2    | Killed Donald
 20427 | Orc:2    | Reached XP level 15. HP: 100/100 MP: 8/15
 20605 | Orc:2    | Found Fetsimn's Antique Armour Shoppe.
 20616 | Orc:2    | Killed Blork the orc
 20871 | Orc:2    | Found Vinecw's Book Shoppe.
 20914 | Orc:2    | Found Jefikk's General Store.
 20921 | Orc:2    | Bought a scroll of acquirement for 728 gold pieces
 20951 | Orc:2    | Paralysed by an orc sorcerer for 5 turns
 20990 | Orc:2    | Found Leuno's Assorted Antiques.
 20998 | Orc:2    | Bought a silvery potion for 24 gold pieces
 21227 | Orc:2    | Found a staircase to the Elven Halls.
 21360 | Orc:2    | Bought a scroll of identify for 28 gold pieces
 21762 | Lair:1   | Got a shimmering mace
 21766 | Lair:1   | Identified the +10 mace "Eramyure" {speed, +Blink Int+2}
                  | (You found it on level 1 of the Lair of Beasts)
 21955 | D:12     | Noticed Rupert
 21969 | D:12     | Paralysed by Rupert for 6 turns
 21984 | D:12     | Killed Rupert
 21984 | D:12     | Reached skill level 1 in Evocations
 22527 | D:13     | Identified Pucloyth's Reference Book on Harmful Black Arts
 22831 | D:13     | Received a gift from Okawaru
 22842 | D:13     | Got a warped chain mail {god gift}
 22854 | D:13     | Identified the +4 chain mail of Hidwir Egucw {rPois rN+
                  | Int+3 Dex-3} (Okawaru gifted it to you on level 13 of the
                  | Dungeon)
 23261 | D:13     | Reached skill level 5 in Invocations
 23272 | D:13     | Found a gate to the Vaults.
 23445 | D:14     | Reached skill level 5 in Evocations
 23985 | D:14     | Found a runed translucent door.
 24128 | D:14     | Reached XP level 16. HP: 107/107 MP: 21/21
 24131 | D:14     | Noticed a storm dragon
 24144 | D:14     | Killed a storm dragon
 24144 | D:14     | Received a gift from Okawaru
 24381 | D:15     | Entered Level 15 of the Dungeon
 24673 | D:15     | Found a staircase to the Depths.
 25578 | Spider:1 | Entered Level 1 of the Spider Nest
 25946 | Spider:1 | Received a gift from Okawaru
 26126 | Spider:1 | Reached skill level 10 in Invocations
 26530 | Spider:2 | Lost mutation: You have a pair of small antennae on your
                  | head. [potion of mutation]
 26530 | Spider:2 | Gained mutation: You are agile. (Dex +2) [potion of
                  | mutation]
 26530 | Spider:2 | Lost mutation: You are agile. (Dex +2) [potion of mutation]
 26530 | Spider:2 | Gained mutation: Your natural rate of healing is unusually
                  | fast. [potion of mutation]
 26731 | Spider:2 | Got a distressingly furry buckler
 26746 | Spider:2 | Identified the +3 buckler "Vovuodgh" {rPois} (You found it
                  | on level 2 of the Spider Nest)
 27013 | Spider:3 | Received a gift from Okawaru
 27165 | Spider:3 | Reached XP level 17. HP: 98/112 MP: 25/25
 27329 | Spider:3 | Reached skill level 10 in Evocations
 27607 | Spider:4 | Entered Level 4 of the Spider Nest
 28135 | Spider:4 | Received a gift from Okawaru
 29050 | Lair:2   | Splashed by an oklob plant's acid

Illustrated notes

Levels and vault maps discovered:
D:1:      sevenhm_arrival_forest_fort_small_6, layout_basic,
          minmay_strange_pillars
D:2:      layout_basic, uniq_terence
D:3:      layout_basic, lemuel_zombie_altar_kikubaaqudgha, first_ration
D:4:      layout_cave_pods, riverfiend_overflow_shadow_ancestor,
          lemuel_doored_altar
D:5:      layout_rooms, gammafunk_temple_overflow_wave, lemuel_crystal_altar
D:6:      layout_layer_cave, grunt_temple_overflow_lords_of_destruction,
          eat_drink_and_be_merry_uskayaw, minmay_temple_entry_slanted,
          basic_altar
D:7:      layout_loops_ring, lemuel_crystal_altar, gammafunk_ghost_stat_death,
          grunt_livestock, doesnt_xom_only_xom, uniq_duvessa
D:8:      layout_basic, yredelemnul_forgotten_temple_becter
D:9:      layout_cave_pools, hangedman_misty_isle, uniq_psyche
D:10:     layout_long_grid, zombieorc1_lemuel, chequers_mini_garden,
          nicolae_ru_path_of_blood
D:11:     layout_irregular_city, lair_entry_dummy, minmay_tree_intersection
D:12:     layout_stronghold, uniq_rupert
D:13:     minmay_bloctagon, layout_irregular_city, david_vaults_4
D:14:     minmay_statue_hallways, layout_loops_ring, minivault_13
D:15:     grunt_enter_depths_magical_seal, layout_basic
Temple:   cyrus_temple_forest
Lair:1:   layout_concentric_octagons, grunt_megastairs_1,
          minmay_lair_oklob_chamber, infiniplex_staircase_pool_2
Lair:2:   dpeg_oklob_gauntlet, layout_gridlike, uniq_fannar
Lair:3:   layout_chaotic_city, nicolae_swamp_entry_splash_gauntlet,
          spider_nest_entry_a, st_stairs_5, lemuel_fruit_fields
Lair:4:   layout_concentric_octagons
Lair:5:   layout_hall_layers, grunt_megastairs_4, lemuel_fruit_fields, uniq_urug
Lair:6:   gammafunk_lair_ancient_temple, layout_regular_city,
          nicolae_slime_entry_slimehenge, serial_bayou_pond_a, st_stairs_7,
          chequers_serial_rivers_micro_b, uniq_josephine
Spider:1: layout_spider_delve
Spider:2: layout_spider_delve
Spider:3: layout_spider_delve
Spider:4: floodkiller_spider_rune_tomb
Orc:1:    layout_diamond_mine, basic_altar
Orc:2:    grunt_orc_cross, layout_diamond_mine, gauntlet_entry_generic,
          serial_shops, shop, uniq_donald

Skill      XL: |  1  2  3  4  5  6  7  8  9 10 11 12 13 14 15 16 17 |
---------------+----------------------------------------------------+-----
Armour         | 4 5 |  5.5
Maces & Flails | 3 4 5 8 12 14 16 17 | 17.1
Shields        | 4 5 8 11 14 | 14.8
Fighting       | 4 5 8 11 14 | 14.6
Dodging        | 1 |  1.3
Stealth        | 1 |  1.2
Invocations    | 7 11 13 | 13.5
Evocations     | 5 9 11 | 11.6

Action                   |  1- 3 |  4- 6 |  7- 9 | 10-12 | 13-15 | 16-18 || total
-------------------------+-------+-------+-------+-------+-------+-------++-------
Melee: Flail             |   125 |   248 |   143 |       |       |       ||   516
       Whip              |       |       |   147 |   973 |   101 |       ||  1221
       Morningstar       |       |       |       |    16 |   188 |       ||   204
       Mace              |       |       |       |       |  1305 |  1468 ||  2773
Throw: Dart              |       |       |     5 |    12 |     2 |       ||    19
       Javelin           |       |       |       |       |     1 |       ||     1
Invok: Heroism           |       |       |     1 |       |     4 |     1 ||     6
       Finesse           |       |       |       |       |     2 |     3 ||     5
 Abil: Evoke Blink       |       |       |       |       |       |     3 ||     3
       Fly               |       |       |       |       |       |     1 ||     1
Evoke: Wand              |       |       |       |     2 |       |       ||     2
  Use: Scroll            |       |       |       |    13 |    14 |     3 ||    30
       Potion            |       |       |       |       |    14 |     2 ||    16
 Stab: Invisible         |       |       |       |       |     9 |       ||     9
  Eat: Chunk             |     2 |    10 |    10 |    22 |    29 |    13 ||    86
       Ration            |       |       |       |     2 |     2 |     1 ||     5
Armor: Scale mail        |    79 |    11 |       |       |       |       ||    90
       Chain mail        |       |   142 |   191 |   340 |   496 |       ||  1169
       Crystal plate arm |       |       |       |       |   248 |  1215 ||  1463
Dodge: Dodged            |    49 |    59 |   140 |   196 |   384 |   405 ||  1233
Block: Kite shield       |    70 |   126 |   205 |   434 |  1126 |  1272 ||  3233
